 Dungeon Crawl Stone Soup version 0.32-a0-996-gb3226c233f (webtiles) character file.

Game seed: 1153661135602706586

1445 RBrandon the Grappler (level 6, 0/45 (47) HPs)
             Began as a Mummy Chaos Knight on Apr 23, 2024.
             Was a High Priest of Ru.
             Slain by a wight
             ... wielding a +3 trident of freezing
              (13 damage)
             ... on level 8 of the Dungeon.
             The game lasted 00:11:23 (5436 turns).

RBrandon the Grappler (Mummy Chaos Knight)          Turns: 5436, Time: 00:11:23

HP:   0/45 (47)     AC: 11    Str: 17    XL:     6   Next: 46%
MP:   9/9           EV: 10    Int: 12    God:    Ru [*****.]
Gold: 326           SH:  0    Dex: 11    Spells: 10/10 levels left

rFire   x .          .
                       - Unarmed
rCold   + . .        (no shield)
rNeg    + + +        a - +2 leather armour
rPois   ∞            q - +0 helmet
rElec   .            (no cloak)
rCorr   +            (no gloves)
SInv    .            u - +0 pair of boots
Will    .....        (no amulet)
Stlth   +            g - ring of resist corrosion
HPRegen 0.27/turn    i - +4 ring of protection
MPRegen 0.11/turn

%: faith
@: lightly drained
A: cold resistance 1, negative energy resistance 3, torment resistance 2, heat
vulnerability 1, inability to use devices, inexperienced 2, in touch with death
1, no potions, faith
a: Renounce Religion, Draw Out Power, Power Leap, Apocalypse


You were on level 8 of the Dungeon.
You worshipped Ru.
Ru was extremely pleased with you.
You visited 1 branch of the dungeon, and saw 8 of its levels.

You collected 326 gold pieces.

Inventory:

Missiles
 s - 5 silver javelins (quivered)
Armour
 a - a +2 leather armour (worn)
 e - a +0 scale mail
 q - a +0 helmet (worn)
 u - a +0 pair of boots (worn)
Jewellery
 g - a ring of resist corrosion (left hand)
 i - a +4 ring of protection (right hand)
 k - a +6 ring of intelligence
 m - a +4 ring of slaying
 r - a ring of fire
Scrolls
 b - a scroll of butterflies
 c - 2 scrolls of teleportation {unknown}
 d - a scroll of brand weapon {unknown}
 f - 8 scrolls of identify {unknown}
 h - 4 scrolls of fear {unknown}
 j - a scroll of enchant weapon {unknown}
 l - 2 scrolls of amnesia {unknown}
 n - a scroll of poison {unknown}
 o - 2 scrolls of vulnerability {unknown}
 p - a scroll of enchant armour {unknown}
 t - a scroll of revelation {unknown}


   Skills:
 - Level 3.0 Fighting
 - Level 2.5 Armour
 - Level 1.2 Dodging
 - Level 8.6 Unarmed Combat
 + Level 2.6 Spellcasting


You had 10 spell levels left.
You didn't know any spells.
Your spell library contained the following spells:

 Spells                   Type           Power      Damage    Failure   Level
 Tukima's Dance           Hex            1%         N/A       67%         3
 Dimensional Bullseye     Hex/Tloc       0%         N/A       97%         4
 Iskenderun's Mystic Bla Conj/Tloc 1%             2d3        (+2d1     97%         4
 Curse of Agony           Necr           2%         N/A       100%        5
 Rimeblight               Ice/Necr       1%         2d3       (prima100%   7
 Sublimation of Blood     Necr           Unusable   N/A       N/A         2

Dungeon Overview and Level Annotations

Branches:
Dungeon (8/15)             Temple (0/1) D:6
   Lair: D:8-11

Altars:
Gozag
Hepliaklqana
Qazlal
Ru
Vehumet

Shops:
D:2 (


Innate Abilities, Weirdness & Mutations

You are immune to poison.
Your flesh is cold resistant. (rC+)
You are immune to negative energy. (rN+++)
You are immune to unholy pain and torment.
You are vulnerable to heat. (rF-)
You cannot study or use magical devices.
You are inexperienced. (-2 XL)
You are in touch with the powers of death.
You do not drink.
You have a special connection with the divine. (Faith)


Message History

The wight attacks as it pursues you!
The wight barely misses you. "This might be better!"
You swap places with the wight.
Some monsters swap places.
A steam dragon comes into view.
The steam dragon hisses angrily.
The steam dragon barely misses you. The steam dragon misses you.
The wight barely misses you. The wight closely misses you.
The wight completely misses you.
You closely miss the wight. The orc misses you.
The steam dragon breathes steam at you. The ball of steam misses you.
The wight hits you from afar with a +3 trident of freezing!
* * * LOW HITPOINT WARNING * * *
The wight freezes you.
* * * LOW HITPOINT WARNING * * *
The wight hits you but does no damage. The orc hits you but does no damage.
The steam dragon bites you.
* * * LOW HITPOINT WARNING * * *
The steam dragon barely misses you.
The wight is stunned by your conviction and fails to attack.
The wight hits you from afar with a +0 trident.
* * * LOW HITPOINT WARNING * * *
You hit the orc.
The orc is heavily wounded.
You are engulfed in a cloud of scalding steam.
The orc is engulfed in a cloud of scalding steam.
The orc dies!
You are engulfed in a cloud of scalding steam.
You feel less exhausted.
The steam dragon attacks as it pursues you!
The steam dragon bites you but does no damage.
The steam dragon closely misses you.
The wight is engulfed in a cloud of scalding steam.
The wight hits you from afar with a +0 trident.
* * * LOW HITPOINT WARNING * * *
The wight is engulfed in a cloud of scalding steam.
The wight hits you with a +3 trident of freezing!
You die...
Ru respects your ultimate sacrifice.
Xom chortles!

#. ###.#######
.........#
##.#####§##
##.....z§D.#
####.....###@z#
....[......#..######
##....)#.#........
#....<##z#.###[...
#.##.###)#.###.#..
#.##....o.........
#.######)#.###.##.
###.######.#.###..$
#..o.o.z..:...)....


You could see a steam dragon (catching breath) and 2 wights.

Vanquished Creatures
  2 ice beasts
  A sky beast (D:7)
  A boggart (D:2)
  A kobold brigand (D:6)
  2 bullfrogs
  A scorpion (D:6)
  4 wights
  A bombardier beetle (D:5)
  3 orc priests
  A hound (D:6)
  2 jellies
  A gnoll bouda (D:6)
  2 sleepcaps
  4 orc wizards
  2 iguanas
  9 gnolls
  4 adders
  2 white imps
  2 ufetubi (D:6)
  2 ribbon worms (D:2)
  2 dart slugs
  11 orcs
  A ball python (D:1)
  5 endoplasms
  2 giant cockroaches (D:2)
  12 goblins
  9 hobgoblins
  4 jackals (D:1)
  A quokka (D:1)
  3 bats (D:1)
  3 frilled lizards (D:1)
  10 kobolds
  5 rats
115 creatures vanquished.

Vanquished Creatures (others)
  3 orcs
3 creatures vanquished.

Grand Total: 118 creatures vanquished

Notes
Turn   | Place    | Note
-------+----------+-------------------------------------------
     0 | D:1      | RBrandon the Mummy Chaos Knight began the quest for the
                  | Orb.
     0 | D:1      | Reached XP level 1. HP: 18/18 MP: 1/1
     7 | D:1      | XOM: divination: detect items
    31 | D:1      | XOM: potion effect (might)
    41 | D:1      | Reached skill level 1 in Dodging
    75 | D:1      | Reached XP level 2. HP: 24/24 MP: 2/2
    76 | D:1      | XOM: silly message
   209 | D:1      | Reached skill level 3 in Unarmed Combat
   369 | D:1      | XOM: silly message
   381 | D:1      | XOM: divination: magic mapping
   709 | D:1      | Reached XP level 3. HP: 29/29 MP: 3/3
   712 | D:1      | XOM: cloud trail
   721 | D:1      | XOM: silly message
   798 | D:1      | XOM: cloud trail
  1275 | D:2      | Found a stormy altar of Qazlal.
  1491 | D:2      | XOM is BORED!
  1491 | D:2      | a rat changed into a boggart
  1491 | D:2      | Noticed a boggart
  1491 | D:2      | XOM: polymorph rat -> boggart
  1510 | D:2      | Killed a boggart
  1511 | D:2      | Reached skill level 4 in Unarmed Combat
  1511 | D:2      | Reached XP level 4. HP: 34/35 MP: 4/4
  1622 | D:2      | Found Fotureap's Weapon Emporium.
  1718 | D:2      | Found a faded altar of an unknown god.
  1723 | D:2      | XOM: silly message
  1726 | D:2      | Prayed at the altar of an unknown god.
  1726 | D:2      | Fell from the grace of Xom
  1726 | D:2      | Became a worshipper of Ru the Awakened
  1734 | D:2      | Gained mutation: You are somewhat inexperienced. (-1 XL)
                  | [Ru sacrifice]
  1734 | D:2      | Reached XP level 3. HP: 29/29 MP: 3/3
  1734 | D:2      | Reached * piety under Ru
  2483 | D:4      | Reached XP level 4. HP: 33/35 MP: 4/4
  2642 | D:4      | XOM: 7-stop teleportation journey
  2860 | D:5      | Entered Level 5 of the Dungeon
  2922 | D:5      | XOM: 8-stop teleportation journey
  2979 | D:5      | Reached skill level 5 in Unarmed Combat
  3029 | D:5      | Reached XP level 5. HP: 37/41 MP: 5/5
  3043 | D:5      | Gained mutation: You cannot study or use magical devices.
                  | [Ru sacrifice]
  3043 | D:5      | Reached ** piety under Ru
  3043 | D:5      | Reached *** piety under Ru
  3043 | D:5      | Reached **** piety under Ru
  3111 | D:5      | Found a radiant altar of Vehumet.
  3111 | D:5      | Found a hazy altar of Hepliaklqana.
  3283 | D:5      | XOM: divination: detect creatures
  3412 | D:5      | XOM: divination: magic mapping
  3654 | D:5      | Reached skill level 6 in Unarmed Combat
  3830 | D:5      | XOM: silly message
  4051 | D:6      | Found a staircase to the Ecumenical Temple.
  4073 | D:6      | Noticed an ice beast
  4116 | D:6      | Killed an ice beast
  4117 | D:6      | Reached XP level 6. HP: 44/47 MP: 6/6
  4204 | D:6      | Found an opulent altar of Gozag.
  4292 | D:6      | Identified the +4 dagger of Uguig {drain, Will+ rCorr
                  | Dex+2}
  4310 | D:6      | XOM: silly message
  4459 | D:6      | XOM: silly message
  4513 | D:6      | Reached skill level 7 in Unarmed Combat
  4792 | D:6      | XOM: silly message
  4956 | D:6      | Gained mutation: You are inexperienced. (-2 XL) [Ru
                  | sacrifice]
  4956 | D:6      | Reached XP level 5. HP: 41/41 MP: 5/5
  4956 | D:6      | Reached ***** piety under Ru
  5168 | D:7      | Reached XP level 6. HP: 31/47 MP: 3/6
  5245 | D:7      | Reached skill level 8 in Unarmed Combat
  5403 | D:8      | Reached skill level 1 in Spellcasting
  5430 | D:8      | XOM: swap monsters
  5436 | D:8      | Slain by a wight

Illustrated notes

Levels and vault maps discovered:
D:1:      psy_arrival_radial02, layout_basic
D:2:      layout_basic, basic_altar, serial_shops,
          nicolae_shop_bloodbath_and_beyond, basic_ecumenical_altar
D:3:      layout_loops_cross
D:4:      cheibrodos_greedy_goblins, layout_gridville, amcnicky_altar_gilded,
          gammafunk_temple_overflow_elements
D:5:      layout_basic, mainiacjoe_overflow_divided_tiny
D:6:      layout_basic, overflow_temple_1_default, minmay_temple_entry_mist
D:7:      layout_loops_ring, cheibriados_altar_1, lemuel_doored_altar,
          zin_purify, st_stairs_6
D:8:      layout_loops_ring, enter_bailey_2, minmay_misc_feat_ornament

Skill      XL: |  1  2  3  4  5  6 |
---------------+-------------------+-----
Dodging        | 1 |  1.2
Unarmed Combat | 3 4 5 6 8 |  8.6
Armour         | 2 |  2.5
Spellcasting   | 2 |  2.6
Fighting       | |  3.0

Action                     |  1- 3 |  4- 6 || total
---------------------------+-------+-------++-------
  Melee: Unarmed           |   174 |   223 ||   397
         Punch             |     3 |     7 ||    10
 Invoke: Sacrifice Experie |     1 |     1 ||     2
         Power Leap        |       |    15 ||    15
         Draw Out Power    |       |     4 ||     4
         Sacrifice Artific |       |     1 ||     1
   Stab: Distracted        |       |     1 ||     1
 Armour: Leather armour    |    22 |   113 ||   135
         Scale mail        |    66 |    92 ||   158
  Dodge: Dodged            |    79 |   139 ||   218

Table legend: (Time is in decaauts)
 A = Elapsed time spent in this place.
 B = Non-inter-level travel time spent in this place.
 C = Inter-level travel time spent in this place.
 D = Time resting spent in this place.
 E = Time spent auto-exploring this place.
 F = Levels seen in this place.
 G = Mean time per level.
                   A        B        C        D        E       F      G
               +--------+--------+--------+--------+--------+-----+--------+
         Total |   5403 |   5128 |    275 |    361 |   3624 |   8 |  675.4 |
       Dungeon |   5403 |   5128 |    275 |    361 |   3624 |   8 |  675.4 |
               +--------+--------+--------+--------+--------+-----+--------+

Top non-repeatable levels by time:
     D:5: 1160 daAuts
     D:6: 1090 daAuts
     D:2: 930 daAuts
     D:1: 918 daAuts
     D:3: 609 daAuts
     D:4: 384 daAuts
     D:7: 230 daAuts
     D:8: 78 daAuts

Levels and vault maps discovered:
D:1:      psy_arrival_radial02, layout_basic
D:2:      layout_basic, basic_altar, serial_shops,
          nicolae_shop_bloodbath_and_beyond, basic_ecumenical_altar
D:3:      layout_loops_cross
D:4:      cheibrodos_greedy_goblins, layout_gridville, amcnicky_altar_gilded,
          gammafunk_temple_overflow_elements
D:5:      layout_basic, mainiacjoe_overflow_divided_tiny
D:6:      layout_basic, overflow_temple_1_default, minmay_temple_entry_mist
D:7:      layout_loops_ring, cheibriados_altar_1, lemuel_doored_altar,
          zin_purify, st_stairs_6
D:8:      layout_loops_ring, enter_bailey_2, minmay_misc_feat_ornament

Table legend: (Time is in decaauts)
 A = Elapsed time spent in this place.
 B = Non-inter-level travel time spent in this place.
 C = Inter-level travel time spent in this place.
 D = Time resting spent in this place.
 E = Time spent auto-exploring this place.
 F = Levels seen in this place.
 G = Mean time per level.
                   A        B        C        D        E       F      G
               +--------+--------+--------+--------+--------+-----+--------+
         Total |   5403 |   5128 |    275 |    361 |   3624 |   8 |  675.4 |
       Dungeon |   5403 |   5128 |    275 |    361 |   3624 |   8 |  675.4 |
               +--------+--------+--------+--------+--------+-----+--------+

Top non-repeatable levels by time:
     D:5: 1160 daAuts
     D:6: 1090 daAuts
     D:2: 930 daAuts
     D:1: 918 daAuts
     D:3: 609 daAuts
     D:4: 384 daAuts
     D:7: 230 daAuts
     D:8: 78 daAuts

Table legend:
 A = Kills in this place as a percentage of kills in the entire game.
 B = Kills by you in this place as a percentage of kills by you in the entire game.
 C = Kills by friends in this place as a percentage of kills by friends in the entire game.
 D = Other kills in this place as a percentage of other kills in the entire game.
 E = Experience gained in this place as a percentage of experience gained in the entire game.
 F = Experience gained in this place divided by the number of levels of this place that you have seen.
                   A       B       C       D       E      F
               +-------+-------+-------+-------+-------+----------------------
         Total | 100.0 | 100.0 |   N/A | 100.0 | 100.0 | 258.1
       Dungeon | 100.0 | 100.0 |   N/A | 100.0 | 100.0 | 258.1
               +-------+-------+-------+-------+-------+----------------------
